 Seeded DCSS version 0.31.0-12-g77e489cdc1 (webtiles) character file.

Game seed: 6191535086807984498 (custom seed)

1613 McKennaii the Destroyer (level 8, 0/57 HPs)
             Began as a Demigod Conjurer on Feb 28, 2024.
             Succumbed to a gnoll sergeant's poison
             ... on level 7 of the Dungeon.
             The game lasted 00:05:59 (7702 turns).

McKennaii the Destroyer (Demigod Conjurer)          Turns: 7702, Time: 00:06:00

Health: 0/57       AC:  7    Str:  8    XL:     8   Next: 37%
Magic:  7/21       EV: 12    Int: 28    God:
Gold:   591        SH:  0    Dex: 12    Spells: 13/20 levels left

rFire   . . .        H - +4 trident
rCold   . . .        (no shield)
rNeg    . . .        a - +0 robe
rPois   .            f - +0 helmet
rElec   .            y - +0 cloak
rCorr   +            (no gloves)
SInv    .            t - +2 pair of boots
Will    +....        (no amulet)
Stlth   ++           z - ring of willpower
HPRegen 0.29/turn    A - ring of resist corrosion
MPRegen 0.17/turn

%: no passive effects
@: mighty, lethally poisoned (0 -> -7)
A: high MP 1, forlorn, divine attributes
a: no special abilities


You were on level 7 of the Dungeon.
You visited 1 branch of the dungeon, and saw 7 of its levels.
You also visited: Ossuary.

You collected 591 gold pieces.

Inventory:

Hand Weapons
 H - a +4 trident (weapon)
Armour
 a - a +0 robe (worn)
 f - a +0 helmet (worn)
 t - a +2 pair of boots (worn)
 y - a +0 cloak (worn)
Jewellery
 z - a ring of willpower (left hand)
 A - a ring of resist corrosion (right hand)
 B - a ring of poison resistance
Wands
 G - a wand of acid (5)
Scrolls
 d - 6 scrolls of teleportation {unknown}
 g - 2 scrolls of enchant weapon {unknown}
 i - a scroll of summoning {unknown}
 k - 4 scrolls of identify {unknown}
 l - a scroll of fog {unknown}
 m - 3 scrolls of noise {unknown}
 r - 2 scrolls of revelation {unknown}
 s - a scroll of silence {unknown}
 u - 3 scrolls of enchant armour {unknown}
 C - a scroll of vulnerability {unknown}
 D - a scroll of torment {unknown}
 E - a scroll of blinking {unknown}
 F - a scroll of amnesia {unknown}
 I - a scroll of acquirement {unknown}
 K - a scroll of brand weapon {unknown}
Potions
 b - 3 potions of magic
 c - 2 potions of cancellation
 e - 2 potions of berserk rage {unknown}
 h - 2 potions of might
 j - 3 potions of curing {unknown}
 n - 2 potions of degeneration {unknown}
 o - a potion of lignification {unknown}
 p - 2 potions of haste {unknown}
 q - a potion of attraction {unknown}
 v - 2 potions of enlightenment {unknown}
 w - 2 potions of mutation {unknown}
 x - 2 potions of heal wounds {unknown}
 J - a potion of resistance {unknown}


   Skills:
 - Level 1.7 Dodging
 - Level 1.7 Stealth
 + Level 6.7 Spellcasting
 + Level 8.0 Conjurations


You had 13 spell levels left.
You knew the following spells:

 Your Spells              Type           Power      Damage    Failure   Level
a - Magic Dart            Conj           100%       1d8       1%          1
b - Searing Ray           Conj           100%       2d8       1%          2
c - Iskenderun's Mystic   Conj/Tloc      32%        2d8       11%         4

Your spell library contained the following spells:

 Spells                   Type           Power      Damage    Failure   Level
 Call Imp                 Summ           18%        N/A       9%          2
 Cigotuvi's Dreadful Rot  Necr/Alch/Air  18%        N/A       9%          2
 Sublimation of Blood     Necr           9%         N/A       9%          2
 Flame Wave               Conj/Fire      32%        2d9       11%         4
 Fulminant Prism          Conj/Alch      16%        3d11      11%         4
 Inner Flame              Hex/Fire       9%         N/A       17%         3
 Dispel Undead            Necr           9%         3d8       50%         4
 Martyr's Knell           Necr/Summ      9%         N/A       50%         4
 Sticky Flame             Fire/Alch      9%         2d5       50%         4
 Death Channel            Necr           4%         N/A       100%        6
 Summon Hydra             Summ           4%         N/A       100%        7


Dungeon Overview and Level Annotations

Branches:
Dungeon (7/15)             Temple (0/1) D:7         Ossuary (visited)

Shops:
D:2 (   D:5 [:


Innate Abilities, Weirdness & Mutations

You have an increased reservoir of magic. (+10% MP)
You shall have no god before yourself.
Your divine heritage dramatically boosts your attributes as you level up.


Message History

Aiming: Searing Ray (safe; 1% risk of failure)
Press: ? - help, Shift-Dir - straight line, f - gnoll sergeant
Aim: a gnoll sergeant, wielding a +1 trident of venom, wearing a +0 ring mail and wearing a +0 kite shield (moderately wounded, 90% to hit)
The searing ray misses the gnoll sergeant. (Press . to maintain the ray.)
The gnoll shouts! x2; You hear a shout!
The gnoll sergeant hits you from afar with a +1 trident of venom!
The searing ray hits the gnoll sergeant but does no damage.
The gnoll sergeant is moderately wounded.
The gnoll sergeant hits you from afar with a +1 trident of venom!
You are poisoned.
Unknown command.
The searing ray hits the gnoll sergeant!
The gnoll sergeant is severely wounded.
You feel sick.
The gnoll sergeant hits you from afar with a +1 trident of venom!
You are more poisoned.
Unknown command.
The searing ray hits the gnoll sergeant.
The gnoll sergeant is almost dead.
The searing ray misses the gnoll.
You finish channelling your searing ray.
You feel very sick.
The gnoll sergeant hits you from afar with a +1 trident of venom!
* * * LOW HITPOINT WARNING * * *
Casting: Searing Ray (safe; 1% risk of failure)
Confirm with . or Enter, or press ? or * to list all spells.
You erupt in a blast of force!
The mystic blast hits the gnoll sergeant.
You kill the gnoll sergeant!
* * * LOW HITPOINT WARNING * * *
You feel very sick.
Your Conjurations skill increases to level 8!
Unknown command.
It was a potion of cancellation.
You feel magically purged.
* * * LOW HITPOINT WARNING * * *
You feel sick. The gnoll barely misses you.
It was a potion of might.
You feel very mighty all of a sudden.
You die...

... #.......# .... ###.......#
... #.........# ... #.........#
#.# ###.........# #g#
#...........#
....####g###...........#
..........†.....#..#######
#.........#@#.......# ###
#......##.#......#.## #(.
.#.........#....###.#######..
........#.[.........##....⌠..
#...................##.......
##............>..........⌠.>.⌠
#............>.<......#.......
#.#.........#..............⌠..
##.#.#....#....................


You could see 2 gnolls.

Vanquished Creatures
  A wyvern (D:7)
  An ice beast (D:7)
  A black bear (D:6)
  A centaur (D:7)
  3 bullfrogs
  A scorpion (D:4)
  A gnoll sergeant (D:7)
  3 wights (D:7)
  A bombardier beetle (D:4)
  4 hounds
  2 orc priests (D:7)
  3 jellies
  An iguana (D:5)
  4 orc wizards (D:6)
  8 mummies (Ossuary)
  8 gnolls
  4 adders
  A white imp (D:7)
  2 dart slugs
  13 orcs
  3 ball pythons
  8 bats
  15 endoplasms
  2 giant cockroaches
  7 goblins
  3 jackals (D:5)
  10 kobolds
  3 quokkas
  7 frilled lizards
  A gnoll zombie (Ossuary)
  2 hobgoblin zombies (Ossuary)
  3 kobold zombies (Ossuary)
  2 orc zombies (Ossuary)
  3 rats
132 creatures vanquished.

Notes
Turn   | Place    | Note
-------+----------+-------------------------------------------
     0 | D:1      | McKennaii the Demigod Conjurer began the quest for the Orb.
     0 | D:1      | Reached XP level 1. HP: 14/14 MP: 5/5
   332 | D:1      | Reached XP level 2. HP: 20/20 MP: 4/7
   335 | D:1      | Learned a level 2 spell: Searing Ray
  1109 | D:2      | Reached skill level 4 in Conjurations
  1308 | D:2      | Reached XP level 3. HP: 26/26 MP: 3/9
  1741 | D:2      | Reached XP level 4. HP: 22/33 MP: 2/11
  1809 | D:2      | Learned a level 4 spell: Iskenderun's Mystic Blast
  2030 | D:2      | Found Anyoj's Weapon Shoppe.
  3056 | D:3      | Reached XP level 5. HP: 36/38 MP: 9/13
  3481 | D:4      | Reached skill level 5 in Conjurations
  3490 | D:4      | Found a sand-covered staircase.
  3494 | Ossuary  | Entered an ossuary
  4326 | D:4      | Reached XP level 6. HP: 45/45 MP: 2/15
  5152 | D:5      | Entered Level 5 of the Dungeon
  5316 | D:5      | Found Afef's Self-Published Books.
  5658 | D:5      | Reached skill level 6 in Conjurations
  5733 | D:5      | Found Asted's Armour Shoppe.
  5957 | D:6      | Reached XP level 7. HP: 47/50 MP: 11/17
  6137 | D:6      | Reached skill level 5 in Spellcasting
  7052 | D:7      | Found a staircase to the Ecumenical Temple.
  7060 | D:7      | Reached skill level 7 in Conjurations
  7324 | D:7      | Reached XP level 8. HP: 57/57 MP: 15/20
  7701 | D:7      | Reached skill level 8 in Conjurations
  7701 | D:7      | HP: 2/57 [poisoned by a gnoll sergeant]
  7702 | D:7      | Succumbed to a gnoll sergeant's poison

Illustrated notes

Levels and vault maps discovered:
D:1:      nzn_arrival_crosshair, layout_basic, minmay_distorted
D:2:      cheibrodos_fertilizer, layout_loops_ring, serial_shops,
          nicolae_shop_statue_plus, shapermc_ecumenical_altar_acropolis
D:3:      layout_loops_cross, elyvilon_altar_5
D:4:      layout_basic, minitemple, enter_ossuary_5, minmay_misc_feat_rugged,
          minmay_misc_feat_alley, st_stairs_6, minmay_diced_spiral
D:5:      layout_loops_ring, serial_shops, shop, nicolae_custom_books
D:6:      layout_loops_ring, roderic_batcave
D:7:      layout_rooms, temple_fountains

Skill      XL: |  1  2  3  4  5  6  7  8 |
---------------+-------------------------+-----
Spellcasting   | 2 3 4 6 |  6.7
Conjurations   | 4 5 6 7 8 |  8.0
Dodging        | |  1.7
Stealth        | |  1.7

Action                     |  1- 3 |  4- 6 |  7- 9 || total
---------------------------+-------+-------+-------++-------
  Melee: Dagger            |       |     1 |       ||     1
   Cast: Magic Dart        |    60 |   139 |    52 ||   251
         Searing Ray       |     4 |    16 |    19 ||    39
         Iskenderun's Myst |       |       |     1 ||     1
    Use: Potion            |       |       |     2 ||     2
 Armour: Robe              |    14 |    17 |    33 ||    64
  Dodge: Dodged            |    11 |    27 |    31 ||    69
